 Dungeon Crawl Stone Soup version 0.19.5 (webtiles) character file.

1337 Peloso the Carver (level 8, -2/105 HPs)
             Began as a Minotaur Fighter on Apr 22, 2017.
             Was a Believer of Okawaru.
             Slain by deszczowiec's ghost (11 damage)
             ... on level 6 of the Dungeon.
             The game lasted 00:14:16 (5638 turns).

Peloso the Carver (Minotaur Fighter)                Turns: 5638, Time: 00:14:17

Health: -2/105     AC: 12    Str: 26    XL:     8   Next: 35%
Magic:  7/7        EV:  4    Int:  5    God:    Okawaru [**....]
Gold:   412        SH:  9    Dex: 15    Spells: 0 memorised, 7 levels left

rFire  + . .     SeeInvis .     y - +1 falchion (drain)
rCold  . . .     Gourm    .     i - +0 plate armour
rNeg   . . .     Faith    .     c - +0 shield
rPois  .         Spirit   .     (helmet restricted)
rElec  .         Reflect  .     E - +0 cloak
rCorr  .         Harm     .     m - +0 pair of gloves
MR     .....                    (no boots)
Stlth  ..........               (no amulet)
                                p - +3 ring of dexterity
                                x - ring of protection from fire

@: berserking, very heavily drained, very quick
A: retaliatory headbutt, horns 2
a: Heroism, Renounce Religion


You were on level 6 of the Dungeon.
You worshipped Okawaru.
Okawaru was pleased with you.
You were not hungry.

You visited 1 branch of the dungeon, and saw 6 of its levels.
You also visited: Sewer.

You collected 412 gold pieces.

Inventory:

Hand Weapons
 o - a +0 dagger of flaming
 y - a +1 falchion of draining (weapon)
 K - the +8 short sword of a Spat {freeze, *Noise Str+7}
   (You found it on level 5 of the Dungeon)

   It has been specially enchanted to freeze those struck by it, causing extra
   injury to most foes and up to half again as much damage against particularly
   susceptible opponents.
   It can also slow down cold-blooded creatures.
   It affects your strength (+7).
   It may make noises in combat.
 N - a cursed -3 short sword
 P - a +0 hand axe of venom
Armour
 b - a +0 scale mail
 c - a +0 shield (worn)
 i - a +0 plate armour (worn)
 m - a +0 pair of gloves (worn)
 E - a +0 cloak (worn)
Jewellery
 h - an uncursed ring of flight
 p - a +3 ring of dexterity (right hand)
 x - a ring of protection from fire (left hand)
 C - an uncursed ring of fire
 L - an uncursed amulet of harm
Wands
 w - a wand of paralysis (8/24)
 B - a wand of slowing (10/48)
 M - a wand of confusion (22/48)
Scrolls
 e - 2 scrolls of blinking
 j - a scroll of immolation {unknown}
 k - 2 scrolls of enchant weapon {unknown}
 n - 2 scrolls of enchant armour {unknown}
 q - 6 scrolls of remove curse {unknown}
 r - a scroll of fog {unknown}
 s - a scroll of teleportation {unknown}
 u - 3 scrolls of amnesia {unknown}
 v - 3 scrolls of fear {unknown}
 G - a scroll of magic mapping {unknown}
 O - a scroll of identify
Potions
 a - a potion of flight
 d - 4 potions of might
 t - a potion of invisibility
 F - 2 potions of brilliance {unknown}
 H - 2 potions of heal wounds {unknown}
 I - a potion of degeneration {unknown}
 J - a potion of curing {unknown}
 Q - a potion of agility {unknown}
Books
 z - a book of Callings

   Spells                             Type                      Level
   a - Summon Small Mammal            Summoning                    1
   b - Call Imp                       Summoning                    2
   c - Call Canine Familiar           Summoning                    3
   d - Summon Guardian Golem          Hexes/Summoning              3
   e - Summon Lightning Spire         Summoning/Air                4
   f - Summon Ice Beast               Ice/Summoning                4
Comestibles
 f - 3 bread rations
 g - 2 chunks of flesh
 A - a meat ration
 D - 3 slices of pizza


   Skills:
 + Level 5.7(0.5) Fighting
 + Level 8.1(2.6) Long Blades
 + Level 6.4(1.1) Armour
 + Level 2.9(0.0) Dodging
 + Level 1.1(0.0) Stealth
 + Level 6.0(0.8) Shields


You had 7 spell levels left.
You didn't know any spells.

Dungeon Overview and Level Annotations

Branches:
Dungeon (6/15)             Temple (0/1) D:5

Altars:
Gozag
Nemelex Xobeh
Okawaru
Qazlal
Sif Muna
Uskayaw
Xom
The Shining One

Annotations:
D:6 deszczowiec's ghost, novice MiAK


Innate Abilities, Weirdness & Mutations

You reflexively headbutt those who attack you in melee.
You have a pair of horns on your head.


Message History

You feel drained.
A red film seems to cover your vision as you go berserk!
You feel yourself moving faster!
You feel mighty!
Deszczowiec's ghost hits you but does no damage.
You feel drained.
You hit deszczowiec's ghost.
Deszczowiec's ghost is almost destroyed.
You block deszczowiec's ghost's attack.
You closely miss deszczowiec's ghost.
Your headbutt misses deszczowiec's ghost.
Deszczowiec's ghost is almost destroyed.
You block deszczowiec's ghost's attack.
You barely miss deszczowiec's ghost.
Deszczowiec's ghost is almost destroyed.
Deszczowiec's ghost barely misses you.
You closely miss deszczowiec's ghost.
Your headbutt misses deszczowiec's ghost.
Deszczowiec's ghost is almost destroyed.
Deszczowiec's ghost hits you!
You die...

.# ##..###...#
.###..## ##..##
.##..## ##..##
.#..##..#..##..###
...##..#.#..##...###
.### .#._.#. ###...#
.. ..#.#..##...#.#
.. #..#..+#..##..#
#.. ##. .##...W@.##
#. # ##....#### #.
##.....# #.....[#
#.##..## .. #### ..


You could see deszczowiec's ghost.

Vanquished Creatures
  An orc warrior (D:5)
  A phantom (D:6)
  2 ogres
  Blork the orc (D:5)
  2 bullfrogs (Sewer)
  4 hounds
  A centaur skeleton (D:4)
  3 orc wizards
  4 orc priests
  Jessica (D:3)
  4 worker ants
  Terence (D:2)
  An iguana (D:4)
  Robin (D:1)
  4 gnolls
  2 river rats (D:4)
  9 adders
  An adder skeleton (D:4)
  2 worms
  A dart slug (D:1)
  3 leopard geckos
  10 orcs
  2 ball pythons
  10 giant cockroaches
  13 goblins
  8 hobgoblins
  6 jackals
  2 quokkas (D:4)
  A ball python skeleton (D:4)
  5 bats
  11 frilled lizards
  7 kobolds
  16 rats
140 creatures vanquished.

Notes
Turn   | Place    | Note
-------+----------+-------------------------------------------
     0 | D:1      | Peloso the Minotaur Fighter began the quest for the Orb.
     0 | D:1      | Reached XP level 1. HP: 19/19 MP: 0/0
   244 | D:1      | Reached XP level 2. HP: 27/27 MP: 1/1
   693 | D:2      | Noticed Robin
   698 | D:2      | Reached XP level 3. HP: 33/33 MP: 2/2
   698 | D:2      | Reached skill level 3 in Long Blades
   905 | D:1      | Killed Robin
  1045 | D:2      | Reached XP level 4. HP: 22/41 MP: 3/3
  1262 | D:2      | Found a hide-covered altar of Uskayaw.
  1263 | D:2      | Found an opulent altar of Gozag.
  1263 | D:2      | Found a stormy altar of Qazlal.
  1441 | D:2      | Noticed Terence
  1447 | D:2      | Killed Terence
  1478 | D:2      | Reached skill level 4 in Long Blades
  1601 | D:2      | Found a deep blue altar of Sif Muna.
  1929 | D:3      | Reached skill level 1 in Dodging
  1931 | D:3      | Reached XP level 5. HP: 34/47 MP: 4/4
  2287 | D:3      | Found a faded altar of an unknown god.
  2479 | D:3      | Noticed Jessica
  2491 | D:3      | Killed Jessica
  2655 | D:3      | Found an iron altar of Okawaru.
  2655 | D:3      | Found a sparkling altar of Nemelex Xobeh.
  2660 | D:3      | Found a shimmering altar of Xom.
  2668 | D:3      | Became a worshipper of Warmaster Okawaru
  2671 | D:3      | Found a faded altar of an unknown god.
  2673 | D:3      | Found a faded altar of an unknown god.
  2854 | D:4      | Reached skill level 5 in Long Blades
  2892 | D:4      | Reached skill level 5 in Armour
  2892 | D:4      | Reached XP level 6. HP: 42/53 MP: 5/5
  2923 | D:4      | Reached skill level 1 in Stealth
  2965 | D:4      | Found a glowing drain.
  2969 | Sewer    | Entered a sewer
  3594 | D:4      | Reached skill level 6 in Long Blades
  3594 | D:4      | Reached XP level 7. HP: 59/60 MP: 6/6
  3598 | D:4      | Reached skill level 5 in Shields
  3605 | D:4      | Reached * piety under Okawaru
  3605 | D:4      | Reached skill level 5 in Fighting
  3761 | D:4      | Found an iron altar of Okawaru.
  4133 | D:5      | Entered Level 5 of the Dungeon
  4176 | D:5      | Found a staircase to the Ecumenical Temple.
  4299 | D:5      | Noticed Blork the orc
  4309 | D:5      | Killed Blork the orc
  4309 | D:5      | Reached skill level 7 in Long Blades
  4829 | D:5      | Got an ebony short sword
  4830 | D:5      | Identified the +8 short sword of a Spat {freeze, *Noise Str+7} (You found it on level 5 of the Dungeon)
  4900 | D:6      | Reached XP level 8. HP: 60/68 MP: 7/7
  5347 | D:6      | Reached ** piety under Okawaru
  5347 | D:6      | Reached skill level 8 in Long Blades
  5575 | D:6      | Found a glowing golden altar of the Shining One.
  5598 | D:6      | Noticed deszczowiec's ghost (novice MiAK)
  5638 | D:6      | Slain by deszczowiec's ghost

Skill      XL: |  1  2  3  4  5  6  7  8 |
---------------+-------------------------+-----
Armour         | 4 5 6 |  6.4
Fighting       | 4 5 |  5.7
Long Blades    | 3 4 5 6 7 8 |  8.1
Shields        | 4 5 6 |  6.0
Dodging        | 1 2 |  2.9
Stealth        | 1 |  1.1

Action                   |  1- 3 |  4- 6 |  7- 9 || total
-------------------------+-------+-------+-------++-------
Melee: Long sword        |    88 |    57 |       ||   145
       Headbutt          |    20 |    34 |    42 ||    96
       Falchion          |       |    91 |   167 ||   258
Invok: Heroism           |       |       |     1 ||     1
  Use: Scroll            |       |       |     5 ||     5
       Potion            |       |       |     1 ||     1
  Eat: Chunk             |     1 |     8 |     7 ||    16
Armor: Scale mail        |    43 |    50 |    18 ||   111
       Plate armour      |       |       |    27 ||    27
Dodge: Dodged            |    33 |    54 |    28 ||   115
Block: Shield            |    46 |    79 |    74 ||   199
       Rpst.: Long sword |    10 |     6 |       ||    16
       Falchion          |       |    12 |     8 ||    20
